 Dungeon Crawl Stone Soup version 0.29-a0-620-g13ace881f2 (webtiles) character file.

Game seed: 7596284176303795110

306340 spanik the Bewitcher (level 21, -7/165 HPs)
             Began as a Gnoll Arcane Marksman on June 17, 2022.
             Was the Champion of Cheibriados.
             Killed from afar by Vv (49 damage)
             ... with a flame surge
             ... on level 2 of the Depths on June 18, 2022.
             The game lasted 05:49:01 (73278 turns).

spanik the Bewitcher (Gnoll Arcane Marksman)       Turns: 73278, Time: 05:49:07

Health: -7/165     AC: 23    Str: 35    XL:     21   Next: 16%
Magic:  25/39      EV: 31    Int: 40    God:    Cheibriados [******]
Gold:   1184       SH: 28    Dex: 37    Spells: 0/48 levels left

rFire   x . .      SeeInvis +   Q - +10 morningstar "Eos" {elec, Halo rElec}
rCold   + . .      Faith    .   g - +5 kite shield {AC+3}
rNeg    + + .      Spirit   .   Z - +4 troll leather armour
rPois   +          Reflect  +   j - +0 helmet of the Mantidfly {rPois rC+ rN+ SInv}
rElec   +          Harm     .   v - +2 cloak
rCorr   .          Rampage  .   K - +2 pair of gloves {Str+3}
Will    +....                   x - +2 pair of boots
Stlth   +++.......              f - amulet of Divine Intervention {Reflect Str+2 SH+5}
HPRegen 1.17/turn               h - ring of the Three Xalams {rF- rN+ Str+6 Int+4 Dex+6}
MPRegen 0.26/turn               X - +4 ring of slaying

@: mighty, glowing, studying 3 skills, very slow
A: fangs 1, strong nose, distributed training, deformed body
}: 2/15 runes: decaying, serpentine
a: Renounce Religion, Bend Time, Temporal Distortion, Slouch, Step From Time


You were on level 2 of the Depths.
You worshipped Cheibriados.
Cheibriados was exalted by your worship.
You visited 9 branches of the dungeon, and saw 36 of its levels.
You also visited: Trove.

You collected 3665 gold pieces.
You spent 2481 gold pieces at shops.

Inventory:

Hand Weapons
 a - a +7 hand crossbow of venom
 n - a +4 dagger of protection
 H - a +3 morningstar of holy wrath
 Q - the +10 morningstar "Eos" (weapon) {elec, Halo rElec}
   (You found it on level 6 of the Dungeon)

   It occasionally discharges a powerful burst of electricity upon striking a
   foe.
   It grants its wielder a halo, increasing accuracy against those within it.
   rElec:     It insulates you from electricity.
Missiles
 o - 4 boomerangs of dispersal
 u - 10 atropa-tipped darts
 D - 13 curare-tipped darts
Armour
 g - a +5 kite shield of protection (worn)
 j - the +0 helmet of the Mantidfly (worn) {rPois rC+ rN+ SInv}
   (You found it on level 2 of the Snake Pit)

   rC:        It protects you from cold.
   rPois:     It protects you from poison.
   rN:        It protects you from negative energy.
   SInv:      It lets you see invisible.
 q - the +2 hat of the Bear Spirit {Spirit, *Rage Will++}
   (You acquired it on level 1 of the Depths)

   Going berserk makes the wearer tougher, and they're slowed less afterward.
   *Rage:     It berserks you when you make melee attacks (+20% chance).
   Will:      It greatly increases your willpower.
 v - a +2 cloak (worn)
 x - a +2 pair of boots (worn)
 E - the -2 hat of the Alchemist {rElec rPois rF+ rC+ rN+ Will+ rMut rCorr}
   (You bought it in a shop on level 2 of the Orcish Mines)

   rF:        It protects you from fire.
   rC:        It protects you from cold.
   rElec:     It insulates you from electricity.
   rPois:     It protects you from poison.
   rN:        It protects you from negative energy.
   rCorr:     It protects you from acid and corrosion.
   rMut:      It protects you from mutation.
   Will:      It increases your willpower.
 K - a +2 pair of gloves of strength (worn)
 Z - a +4 troll leather armour (worn)
Jewellery
 f - the amulet of Divine Intervention (around neck) {Reflect Str+2 SH+5}
   (You found it in a treasure trove)

   [amulet of reflection]

   It reflects blocked missile attacks.
   Str:       It affects your strength (+2).
   SH:        It affects your SH (+5).
 h - the ring of the Three Xalams (left hand) {rF- rN+ Str+6 Int+4 Dex+6}
   (You took it off a vampire on level 14 of the Dungeon)

   [ring of strength]

   Str:       It affects your strength (+6).
   Int:       It affects your intelligence (+4).
   Dex:       It affects your dexterity (+6).
   rF:        It makes you vulnerable to fire.
   rN:        It protects you from negative energy.
 G - a ring of flight
 J - a ring of fire
 X - a +4 ring of slaying (right hand)
Wands
 b - a wand of polymorph (2)
 i - a wand of paralysis (26)
 l - a wand of iceblast (7)
 O - a wand of quicksilver (8)
 P - a wand of mindburst (16)
 Y - a wand of flame (14)
Scrolls
 c - 15 scrolls of teleportation
 e - 5 scrolls of immolation
 t - a scroll of silence
 w - 4 scrolls of amnesia
 y - 4 scrolls of poison
 C - 2 scrolls of magic mapping
 F - 2 scrolls of enchant armour
 N - 3 scrolls of blinking
 U - 8 scrolls of fog
 V - 10 scrolls of fear
Potions
 k - 6 potions of heal wounds
 p - 5 potions of brilliance
 r - 11 potions of curing
 s - 3 potions of might
 B - 4 potions of cancellation
 I - 2 potions of berserk rage
 L - 8 potions of lignification
 T - 3 potions of resistance
 W - 2 potions of invisibility
Miscellaneous
 m - a phial of floods
 z - a box of beasts


   Skills:
 + Level 14.1 Fighting
 + Level 13.8 Short Blades
 + Level 13.8 Long Blades
 + Level 13.8 Axes
 + Level 13.8 Maces & Flails
 + Level 13.8 Polearms
 + Level 13.8 Staves
 + Level 13.8 Slings
 + Level 13.8 Bows
 + Level 14.5 Crossbows
 + Level 14.6 Throwing
 + Level 13.8 Armour
 + Level 14.5 Dodging
 + Level 13.8 Stealth
 + Level 13.8 Shields
 + Level 13.8 Unarmed Combat
 + Level 14.1 Spellcasting
 + Level 12.4 Conjurations
 + Level 15.8 Hexes
 + Level 11.7 Summonings
 + Level 11.7 Necromancy
 + Level 11.7 Translocations
 + Level 11.7 Transmutations
 + Level 11.7 Fire Magic
 + Level 11.7 Ice Magic
 + Level 11.7 Air Magic
 + Level 11.7 Earth Magic
 + Level 11.7 Poison Magic
 + Level 15.0 Invocations
 + Level 13.8 Evocations


You couldn't memorise any spells.
You knew the following spells:

 Your Spells              Type           Power      Damage    Failure   Level
a - Mephitic Cloud        Conj/Pois/Air  90%        N/A       1%          3
b - Spellforged Servitor  Conj/Summ      45%        N/A       14%         7
c - Cause Fear            Hex            50%        N/A       1%          4
d - Stone Arrow           Conj/Erth      100%       3d13      1%          3
e - Frozen Ramparts       Ice            100%       1d12      1%          3
f - Ignite Poison         Fire/Tmut/Pois 89%        N/A       1%          3
h - Fireball              Conj/Fire      45%        3d18      1%          5
i - Flame Wave            Conj/Fire      90%        2d15      1%          4
j - Starburst             Conj/Fire      45%        6d13      2%          6
k - Conjure Ball Lightni  Conj/Air       45%        3x3d16    2%          6
l - Petrify               Tmut/Erth      89%        N/A       1%          4

Your spell library contained the following spells:

 Spells                   Type           Power      Damage    Failure   Level
 Foxfire                  Conj/Fire      100%       2x1d9     0%          1
 Magic Dart               Conj           100%       1d8       0%          1
 Slow                     Hex            100%       N/A       0%          1
 Tukima's Dance           Hex            100%       N/A       0%          3
 Necrotize                Necr           100%       1d9       1%          1
 Sandblast                Erth           100%       2d20      1%          1
 Call Imp                 Summ           89%        N/A       1%          2
 Passwall                 Tmut/Erth      74%        N/A       1%          2
 Searing Ray              Conj           100%       2d8       1%          2
 Static Discharge         Conj/Air       90%        N/A       1%          2
 Wereblood                Tmut           89%        N/A       1%          2
 Conjure Flame            Conj/Fire      90%        6-21      1%          3
 Inner Flame              Hex/Fire       95%        N/A       1%          3
 Portal Projectile        Hex/Tloc       100%       N/A       1%          3
 Summon Guardian Golem    Hex/Summ       95%        N/A       1%          3
 Anguish                  Hex/Necr       47%        N/A       1%          4
 Animate Dead             Necr           89%        N/A       1%          4
 Dispel Undead            Necr           89%        3d28      1%          4
 Ice Form                 Ice/Tmut       89%        N/A       1%          4
 Sticky Flame             Conj/Fire      90%        2d10      1%          4
 Summon Ice Beast         Ice/Summ       89%        N/A       1%          4
 Blade Hands              Tmut           44%        N/A       1%          5
 Borgnjor's Vile Clutch   Necr/Erth      44%        N/A       1%          5
 Iskenderun's Battlesphe  Conj           91%        2d14      1%          5
 Lightning Bolt           Conj/Air       45%        1d65      1%          5
 Summon Mana Viper        Hex/Summ       95%        N/A       1%          5
 Enfeeble                 Hex            50%        N/A       3%          7
 Orb of Destruction       Conj           45%        9d12      12%         7
 Haunt                    Necr/Summ      44%        N/A       16%         7
 Monstrous Menagerie      Summ           44%        N/A       16%         7
 Discord                  Hex            50%        N/A       22%         8
 Ignition                 Fire           44%        3d13      77%         8
 Maxwell's Capacitive Co  Air            44%        ∞         77%         8


Dungeon Overview and Level Annotations

Branches:
Dungeon (15/15)            Temple (1/1) D:5            Lair (6/6) D:10
  Swamp (4/4) Lair:2        Snake (4/4) Lair:3        Slime (1/5) Lair:5
    Orc (2/2) D:9             Elf (0/3) Orc:2        Vaults (1/5) D:14
 Depths (2/4) D:15

Altars:
Ashenzari
Cheibriados
Dithmenos
Elyvilon
Fedhas
Gozag
Hepliaklqana
Kikubaaqudgha
Makhleb
Nemelex Xobeh
Okawaru
Qazlal
Ru
Sif Muna
Trog
Uskayaw
Vehumet
Wu Jian
Xom
Yredelemnul
Zin
The Shining One

Shops:
D:8 (   Orc:1 (   Orc:2 =*[*   Snake:2 [   Depths:1 =*[*   Depths:2 (

Portals:
Hell: Depths:1 Depths:2
Ziggurat: Depths:1

Annotations:
D:6 1 runed translucent door, Crazy Yiuf
D:7 2 transporters, mattj7820's ghost, novice DsBe
Lair:1 3 runed translucent doors, gabibbone's ghost, journeyman GnWr
Snake:4 1 runed translucent door, exclusion: 2 ice statues, Zebulonius's ghost, adept MiBe
Depths:2 Vv


Innate Abilities, Weirdness & Mutations

You have very sharp teeth.
Your uncanny sense of smell can sniff out nearby items.
Your experience applies equally to all skills.
Armour fits poorly on your strangely shaped body.


Message History

Vv barely misses your spellforged servitor.
Vv hits your spellforged servitor.
Your spellforged servitor is engulfed in flames!
Your spellforged servitor resists.
Your spellforged servitor points at Vv and mumbles some strange words.
The fireball explodes!
The fireball engulfs Vv!
Vv resists.
The fireball engulfs the red devil.
The red devil completely resists.
The fireball engulfs the orange demon!!
The orange demon dies!
Cheibriados appreciates the change of pace.
The fireball engulfs your spellforged servitor!
Your spellforged servitor resists.
You hear a deafening roar!
Casting: Spellforged Servitor (dangerous; 14% risk of failure)
Confirm with . or Enter, or press ? or * to list all spells.
You create some ball lightning! 2 ball lightnings come into view.
Vv hits your spellforged servitor! Vv freezes your spellforged servitor!
Your spellforged servitor resists.
Your spellforged servitor is destroyed!
Your spellforged servitor disappears in a puff of smoke!
You swap places.
Your ball lightning explodes!
The blast of lightning engulfs you. You resist.
The blast of lightning engulfs Vv but does no damage.
Vv is lightly damaged.
The blast of lightning engulfs your ball lightning.
Your ball lightning completely resists.
The blast of lightning engulfs the red devil!!
The red devil is almost dead.
Vv rends the earth beneath you! The blast of magma engulfs you!!!
The lava burns you terribly!
The blast of magma engulfs your ball lightning!!
Your ball lightning partially resists.
Your ball lightning explodes!
The blast of lightning engulfs you! You resist.
* * * LOW HITPOINT WARNING * * *
Vv calls gouts of flame from the lava!
The flame surge hits you!!! The fire burns you terribly!
You die...

#.
##....#...+.....
##.
##...#...#.....
#.. #...'...#.....
#.. #...#...# ...#
#4. #...###+# ..#
#.4 #(### #.##
##..#
#..######...#
##49§≈@'..)#######
#######..........
.......#.........
.......#.........
.......#.........
.......#.........
######'#.........
.......##'##
.......' ..#


You could see Vv and a red devil.

Vanquished Creatures
  Vashnia (Snake:4)
  Nikola (Snake:2)
  A lich (Depths:1)
  A tentacled monstrosity (Depths:1)
  2 thorn hunters (Swamp:4)
  A sphinx (Depths:1)
  Kirke (Swamp:3)
  A shadow dragon (Depths:1)
  A tengu reaver (D:15)
  4 nagarajas
  4 frost giants
  An orc warlord (Orc:2)
  Aizul (Snake:1)
  2 fire giants
  Louise (Swamp:3)
  9 stone giants
  4 very ugly things
  Nessos (Lair:4)
  A vampire knight (Depths:1)
  2 eleionomae (Swamp:3)
  4 bunyips
  4 spark wasps (Depths:2)
  A dire elephant (Lair:6)
  5 ettins
  4 fire dragons (Depths:1)
  A shambling mangrove (Swamp:3)
  5 rakshasas
  3 ice dragons
  A yaktaur captain (D:14)
  27 hydras
  A ghost crab (Swamp:3)
  A salamander tyrant (Snake:4)
  Fannar (D:11)
  2 ogre magi (Orc:2)
  3 boulder beetles
  14 anacondas
  2 catoblepae
  2 death knights (D:15)
  6 centaur warriors
  2 dancing weapons (D:14)
  11 two-headed ogres
  3 deep troll shamans
  3 death yaks (Lair:6)
  5 tengu warriors
  6 alligators
  20 naga warriors
  3 deep troll earth magi
  A spriggan berserker (Depths:1)
  16 naga sharpshooters
  11 shock serpents
  An orc high priest (Orc:2)
  Sonja (Lair:1)
  2 hell knights (Depths:1)
  A sun demon (Depths:2)
  8 salamander mystics
  Amaemon (Lair:2)
  2 iron trolls
  2 skeletal warriors (D:11)
  A sixfirhy (Depths:2)
  4 deep trolls
  Lodul (D:11)
  11 goliath frogs
  5 spriggan druids
  A glowing orange brain (Depths:1)
  3 bog bodies
  11 swamp dragons
  10 naga ritualists
  2 phantasmal warriors (Depths:1)
  2 lindwurms
  A deep elf archer (Orc:2)
  2 wizards
  13 mana vipers
  9 deep elf pyromancers
  2 oklob plants (Lair:2)
  2 deep elf zephyrmancers (Orc:2)
  A shining eye (shapeshifter) (D:14)
  A cyclops (shapeshifter) (D:14)
  2 orc knights
  A wolf spider (D:14)
  10 ugly things
  15 salamanders
  4 manticores (D:12)
  2 orc sorcerers (Orc:2)
  8 will-o-the-wisps
  8 cyclopes
  12 elephants (Lair:6)
  21 naga magi
  38 black mambas
  6 guardian serpents
  A torpor snail (Lair:6)
  An orange demon (Lair:2)
  Joseph (D:8)
  2 gargoyles (D:12)
  3 unseen horrors
  5 rime drakes
  14 cane toads
  A yaktaur (D:15)
  10 komodo dragons
  3 efreet
  5 kobold demonologists
  4 tengu conjurers
  An ice devil (Depths:2)
  3 hydra zombies (Swamp:3)
  A bloated husk (Swamp:4)
  A meliai (shapeshifter) (D:15)
  10 trolls
  8 tyrant leeches
  4 polar bears
  13 hornets
  6 dream sheep (Lair:5)
  19 slime creatures
  29 blink frogs
  Grinder (D:6)
  2 shadows (D:9)
  Sigmund (D:5)
  A culicivora (shapeshifter) (D:14)
  3 vampires
  9 wyverns
  11 basilisks
  2 wraiths
  54 yaks
  A fire elemental (Lair:3)
  10 spriggans
  A water elemental (D:15)
  2 steam dragons
  12 vampire mosquitoes
  Grum (D:11)
  Eustachio (D:4)
  A neqoxec (Depths:2)
  A chaos spawn (Depths:2)
  15 swamp worms
  46 nagas
  2 acid dragons
  2 wargs
  13 water moccasins
  8 swamp drakes
  A floating eye (Depths:1)
  A sky beast (D:6)
  3 black bears
  19 orc warriors
  2 ice beasts (D:7)
  26 ogres
  25 wolves
  2 phantoms (D:9)
  12 centaurs
  8 kobold brigands
  2 gnoll sergeants
  A necrophage (D:6)
  12 bullfrogs
  4 scorpions
  10 wights
  3 troll zombies (D:9)
  9 killer bees
  An electric eel (Lair:6)
  3 howler monkeys
  A hound (D:4)
  5 jellies
  11 orc priests
  Natasha (thrice) (D:3)
  Terence (D:3)
  8 iguanas
  A gnoll shaman (D:5)
  14 orc wizards
  11 hell rats
  3 ogre zombies (D:9)
  4 adders
  15 gnolls
  2 shadow imps
  A white imp (D:6)
  An ufetubus (D:5)
  3 worms
  62 orcs
  8 ball pythons
  7 endoplasms
  A giant cockroach (D:4)
  9 goblins
  7 hobgoblins
  6 jackals
  7 quokkas
  4 bats (D:2)
  7 frilled lizards
  2 goblin zombies (D:9)
  A hobgoblin skeleton (D:9)
  A hobgoblin zombie (D:9)
  18 kobolds
  2 orc skeletons (D:9)
  13 orc zombies (D:9)
  11 rats
  A butterfly (Lair:3)
1175 creatures vanquished.

Vanquished Creatures (collateral kills)
  Rupert (D:14)
  A tengu warrior (D:14)
  4 hell knights (Depths:1)
  An iron troll (Depths:1)
  A skeletal warrior (D:11)
  7 deep trolls (Depths:1)
  A necromancer (Depths:1)
  An orange demon (Depths:2)
17 creatures vanquished.

Vanquished Creatures (others)
  A manticore (D:13)
  2 bloated husks
  3 humans (Swamp:3)
  A naga (Snake:4)
  36 ball lightnings
  A bush (D:10)
  34 foxfires
  39 fungi
  105 plants
222 creatures vanquished.

Grand Total: 1414 creatures vanquished

Notes
Turn   | Place    | Note
-------+----------+-------------------------------------------
     0 | D:1      | spanik the Gnoll Arcane Marksman began the quest for the
                  | Orb.
     0 | D:1      | Reached XP level 1. HP: 17/17 MP: 4/4
   216 | D:1      | Reached XP level 2. HP: 23/23 MP: 5/5
   627 | D:1      | Reached XP level 3. HP: 18/28 MP: 7/7
  1264 | D:2      | Learned a level 3 spell: Inner Flame
  1431 | D:2      | Reached skill level 1 in Invocations
  1680 | D:2      | Reached skill level 1 in Short Blades
  1680 | D:2      | Reached skill level 1 in Long Blades
  1680 | D:2      | Reached skill level 1 in Axes
  1680 | D:2      | Reached skill level 1 in Maces & Flails
  1680 | D:2      | Reached skill level 1 in Polearms
  1680 | D:2      | Reached skill level 1 in Staves
  1680 | D:2      | Reached skill level 1 in Slings
  1680 | D:2      | Reached skill level 1 in Bows
  1680 | D:2      | Reached skill level 1 in Throwing
  1680 | D:2      | Reached skill level 1 in Armour
  1680 | D:2      | Reached skill level 1 in Stealth
  1680 | D:2      | Reached skill level 1 in Shields
  1680 | D:2      | Reached skill level 1 in Unarmed Combat
  1680 | D:2      | Reached skill level 1 in Evocations
  2067 | D:2      | Reached XP level 4. HP: 34/34 MP: 6/8
  2443 | D:3      | Noticed Terence
  2445 | D:3      | Noticed Natasha
  2506 | D:3      | Killed Natasha
  2507 | D:3      | Reached skill level 1 in Conjurations
  2507 | D:3      | Reached skill level 1 in Summonings
  2507 | D:3      | Reached skill level 1 in Necromancy
  2507 | D:3      | Reached skill level 1 in Translocations
  2507 | D:3      | Reached skill level 1 in Transmutations
  2507 | D:3      | Reached skill level 1 in Fire Magic
  2507 | D:3      | Reached skill level 1 in Ice Magic
  2507 | D:3      | Reached skill level 1 in Air Magic
  2507 | D:3      | Reached skill level 1 in Earth Magic
  2507 | D:3      | Reached skill level 1 in Poison Magic
  2618 | D:3      | Noticed Natasha
  2662 | D:3      | Killed Terence
  2663 | D:3      | Reached XP level 5. HP: 23/40 MP: 9/9
  2894 | D:3      | Learned a level 4 spell: Cause Fear
  3416 | D:3      | Killed Natasha
  3477 | D:3      | Noticed Natasha
  3712 | D:3      | Killed Natasha
  4057 | D:3      | Reached XP level 6. HP: 27/47 MP: 10/10
  5221 | D:3      | Reached skill level 5 in Crossbows
  5221 | D:3      | Reached skill level 5 in Dodging
  6096 | D:4      | Reached XP level 7. HP: 52/52 MP: 12/12
  6799 | D:5      | Entered Level 5 of the Dungeon
  7100 | D:5      | Found a staircase to the Ecumenical Temple.
  7114 | D:5      | Noticed Eustachio
  7444 | D:5      | Noticed Sigmund
  8218 | D:4      | Killed Eustachio
  8219 | D:4      | Reached XP level 8. HP: 60/60 MP: 14/14
  8559 | D:6      | Noticed Grinder
  9546 | D:7      | Found a transporter.
  9546 | D:7      | Found a transporter.
  9547 | D:7      | Noticed mattj7820's ghost (novice DsBe)
  9550 | D:7      | Identified the +1 giant club "Vewexyuqipo" {vorpal, Will+}
  9550 | D:7      | Identified the +5 dire flail of the Extremes {flame, MP+9
                  | Dex+2}
  9550 | D:7      | Noticed a two-headed ogre
  9626 | D:7      | Found a basalt altar of Yredelemnul.
 10040 | D:5      | Killed Sigmund
 10440 | D:6      | Found the +10 morningstar "Eos" {elec, Halo rElec}
 10618 | D:6      | Reached XP level 9. HP: 66/66 MP: 16/16
 10715 | Temple   | Entered the Ecumenical Temple
 10905 | Temple   | Became a worshipper of Cheibriados the Contemplative
 11008 | D:6      | Killed Grinder
 11094 | D:6      | Reached skill level 5 in Spellcasting
 11099 | D:6      | Identified the +1 leather armour of Gluttony {Will+}
 11196 | D:6      | Found a runed translucent door.
 11197 | D:6      | Noticed Crazy Yiuf
 11881 | D:7      | Reached skill level 5 in Fighting
 12452 | D:8      | Noticed a hornet
 12460 | D:7      | Killed a hornet
 12846 | D:8      | Reached skill level 5 in Invocations
 13021 | D:9      | Reached * piety under Cheibriados
 13413 | D:8      | Noticed Joseph
 13701 | D:9      | Reached XP level 10. HP: 70/74 MP: 13/18
 13948 | D:9      | Reached skill level 5 in Short Blades
 13948 | D:9      | Reached skill level 5 in Long Blades
 13948 | D:9      | Reached skill level 5 in Axes
 13948 | D:9      | Reached skill level 5 in Maces & Flails
 13948 | D:9      | Reached skill level 5 in Polearms
 13948 | D:9      | Reached skill level 5 in Staves
 13948 | D:9      | Reached skill level 5 in Slings
 13948 | D:9      | Reached skill level 5 in Bows
 13948 | D:9      | Reached skill level 5 in Throwing
 13948 | D:9      | Reached skill level 5 in Armour
 13948 | D:9      | Reached skill level 5 in Stealth
 13948 | D:9      | Reached skill level 5 in Shields
 13948 | D:9      | Reached skill level 5 in Unarmed Combat
 13948 | D:9      | Reached skill level 5 in Evocations
 13952 | D:9      | Reached ** piety under Cheibriados
 14053 | D:9      | Found a staircase to the Orcish Mines.
 14069 | D:9      | Learned a level 3 spell: Stone Arrow
 15156 | D:10     | Entered Level 10 of the Dungeon
 15507 | D:10     | Learned a level 3 spell: Frozen Ramparts
 15553 | D:10     | Reached *** piety under Cheibriados
 15641 | D:10     | Reached XP level 11. HP: 83/83 MP: 16/20
 15867 | D:10     | Found a staircase to the Lair.
 16066 | D:10     | Found a portal to a secret trove of treasure.
 16217 | D:10     | Reached skill level 5 in Conjurations
 16217 | D:10     | Reached skill level 5 in Summonings
 16217 | D:10     | Reached skill level 5 in Necromancy
 16217 | D:10     | Reached skill level 5 in Translocations
 16217 | D:10     | Reached skill level 5 in Transmutations
 16217 | D:10     | Reached skill level 5 in Fire Magic
 16217 | D:10     | Reached skill level 5 in Ice Magic
 16217 | D:10     | Reached skill level 5 in Air Magic
 16217 | D:10     | Reached skill level 5 in Earth Magic
 16217 | D:10     | Reached skill level 5 in Poison Magic
 16566 | Trove    | Entered a treasure trove
 16621 | Trove    | Identified the amulet of Divine Intervention {Reflect Str+2
                  | SH+5}
 16627 | Trove    | Identified the ring of Leaqum {Fire rElec Int+4 Dex+3
                  | Slay-4}
 16652 | Trove    | Got the Handbook of Creative Ignition
 16654 | Trove    | Got Pumnug's Incunabulum of Ghastly Arcane Weapons
 16753 | D:11     | Noticed a skeletal warrior
 16754 | D:11     | Noticed a skeletal warrior
 16809 | D:11     | Noticed a seven-headed hydra
 16910 | D:11     | Killed a skeletal warrior
 17079 | D:11     | Noticed a two-headed ogre
 17141 | Orc:1    | Entered Level 1 of the Orcish Mines
 19019 | Orc:1    | Found Afef's Weapon Shoppe.
 19275 | Orc:2    | Entered Level 2 of the Orcish Mines
 19296 | Orc:2    | Found a staircase to the Elven Halls.
 19313 | Orc:2    | Noticed a two-headed ogre
 19746 | Orc:1    | Noticed a lindwurm
 19776 | Orc:1    | Killed a lindwurm
 20000 | Orc:2    | Noticed an orc high priest
 20281 | Orc:2    | Learned a level 3 spell: Ignite Poison
 20453 | Orc:2    | Killed a two-headed ogre
 20477 | Orc:2    | Noticed an orc sorcerer
 20477 | Orc:2    | Noticed an orc knight
 20480 | Orc:2    | Killed an orc sorcerer
 20482 | Orc:2    | Killed an orc knight
 21235 | Orc:2    | Identified the +1 chain mail of the Scorching Gods {SInv}
 21516 | Orc:2    | Noticed a cyclops
 21532 | Orc:2    | Killed a cyclops
 21635 | Orc:2    | Reached XP level 12. HP: 91/91 MP: 19/23
 21771 | Orc:2    | Noticed a two-headed ogre
 21771 | Orc:2    | Noticed a two-headed ogre
 21775 | Orc:2    | Noticed a two-headed ogre
 21776 | Orc:2    | Killed a two-headed ogre
 21792 | Orc:2    | Killed a two-headed ogre
 21802 | Orc:2    | Killed a two-headed ogre
 21830 | Orc:2    | Noticed a two-headed ogre
 21836 | Orc:2    | Killed a two-headed ogre
 21966 | Orc:2    | Noticed an ogre mage
 21970 | Orc:2    | Noticed an ogre mage
 21974 | Orc:2    | Paralysed by something for 4 turns
 21980 | Orc:2    | Killed an ogre mage
 21983 | Orc:2    | Killed an ogre mage
 21994 | Orc:2    | Noticed an ettin
 22108 | Orc:2    | Killed an orc high priest
 22199 | Orc:2    | Noticed an orc warlord
 22501 | Orc:2    | Killed an ettin
 22727 | Orc:2    | Noticed an ettin
 22934 | Orc:2    | Noticed an iron troll
 23372 | Orc:2    | Noticed a two-headed ogre
 23378 | Orc:2    | Killed a two-headed ogre
 23665 | Orc:2    | Killed an orc warlord
 23666 | Orc:2    | Reached XP level 13. HP: 80/99 MP: 19/25
 23975 | Orc:2    | Learned a level 3 spell: Conjure Flame
 24003 | Orc:2    | Killed an ettin
 24402 | Orc:2    | Found Orhoetoc's Jewellery Emporium.
 24404 | Orc:2    | Found Nudubixt's General Store.
 24412 | Orc:2    | Found Marati's Armour Boutique.
 24420 | Orc:2    | Bought a scroll of fear for 59 gold pieces
 24420 | Orc:2    | Bought a scroll of identify for 34 gold pieces
 24420 | Orc:2    | Bought a scroll of fear for 59 gold pieces
 24420 | Orc:2    | Bought a scroll of fog for 34 gold pieces
 24422 | Orc:2    | Found Piph's General Store.
 24449 | Orc:2    | Bought a manual of Hexes for 1360 gold pieces
 24685 | Lair:1   | Entered Level 1 of the Lair of Beasts
 24780 | Lair:1   | Noticed Sonja
 24800 | Lair:1   | Killed Sonja
 24947 | Lair:1   | Found a runed translucent gate.
 24947 | Lair:1   | Found a runed translucent gate.
 24947 | Lair:1   | Found a runed translucent gate.
 24949 | Lair:1   | Noticed gabibbone's ghost (journeyman GnWr)
 25268 | Lair:1   | Reached **** piety under Cheibriados
 26330 | Lair:2   | Found a gate leading to a gauntlet.
 26620 | Lair:2   | Found a staircase to the Swamp.
 26759 | Lair:2   | Noticed Amaemon
 26787 | Lair:2   | Learned a level 5 spell: Fireball
 26790 | Lair:2   | Reached ***** piety under Cheibriados
 26804 | Lair:2   | Killed Amaemon
 27291 | Lair:2   | Reached skill level 10 in Crossbows
 27291 | Lair:2   | Reached skill level 10 in Dodging
 27293 | Lair:2   | Reached XP level 14. HP: 108/108 MP: 24/27
 27385 | Lair:2   | Found a blossoming altar of Fedhas.
 28296 | Lair:3   | Found a staircase to the Snake Pit.
 28673 | Lair:4   | Noticed Nessos
 28688 | Lair:4   | Killed Nessos
 28689 | Lair:4   | Reached skill level 10 in Hexes
 28974 | Lair:4   | Reached skill level 10 in Invocations
 29377 | Lair:4   | You fall into a shaft and drop 2 floors!
 29377 | Lair:6   | Entered Level 6 of the Lair of Beasts
 29648 | Lair:5   | Reached ****** piety under Cheibriados
 30410 | Lair:6   | Reached skill level 10 in Spellcasting
 30582 | Lair:6   | Reached skill level 10 in Fighting
 31187 | Lair:6   | Noticed a dire elephant
 31203 | Lair:6   | Reached XP level 15. HP: 115/115 MP: 25/29
 32365 | Lair:5   | Found a staircase to the Slime Pits.
 32452 | Lair:5   | Reached skill level 10 in Short Blades
 32452 | Lair:5   | Reached skill level 10 in Long Blades
 32452 | Lair:5   | Reached skill level 10 in Axes
 32452 | Lair:5   | Reached skill level 10 in Maces & Flails
 32452 | Lair:5   | Reached skill level 10 in Polearms
 32452 | Lair:5   | Reached skill level 10 in Staves
 32452 | Lair:5   | Reached skill level 10 in Slings
 32452 | Lair:5   | Reached skill level 10 in Bows
 32452 | Lair:5   | Reached skill level 10 in Throwing
 32452 | Lair:5   | Reached skill level 10 in Armour
 32452 | Lair:5   | Reached skill level 10 in Stealth
 32452 | Lair:5   | Reached skill level 10 in Shields
 32452 | Lair:5   | Reached skill level 10 in Unarmed Combat
 32452 | Lair:5   | Reached skill level 10 in Evocations
 33918 | Snake:1  | Entered Level 1 of the Snake Pit
 33958 | Lair:3   | Learned a level 4 spell: Flame Wave
 34999 | Snake:1  | Noticed Aizul
 35027 | Snake:1  | Killed Aizul
 35428 | Snake:1  | Found a snail-covered altar of Cheibriados.
 36454 | Snake:2  | Identified the +0 helmet of the Mantidfly {rPois rC+ rN+
                  | SInv}
 37865 | Snake:2  | Reached XP level 16. HP: 121/124 MP: 27/30
 37916 | Snake:2  | Found Heruh's Antique Armour Shoppe.
 38154 | Snake:2  | Noticed Nikola
 38171 | Snake:2  | Killed Nikola
 38990 | Snake:2  | Noticed a nagaraja
 39004 | Snake:2  | Killed a nagaraja
 40226 | Snake:4  | Entered Level 4 of the Snake Pit
 40522 | Snake:4  | Noticed a nagaraja
 40701 | Snake:3  | Learned a level 6 spell: Starburst
 40866 | Snake:4  | Noticed a nagaraja
 41140 | Snake:4  | Killed a nagaraja
 41144 | Snake:4  | Killed a nagaraja
 41425 | Snake:4  | Reached XP level 17. HP: 132/132 MP: 32/32
 41577 | Snake:4  | Found a broken altar of Ashenzari.
 42792 | Snake:4  | Noticed Vashnia
 43035 | Snake:4  | Killed Vashnia
 44166 | Snake:4  | Found a runed translucent door.
 44166 | Snake:4  | Noticed Zebulonius's ghost (adept MiBe)
 44237 | Snake:4  | Reached skill level 10 in Conjurations
 44237 | Snake:4  | Reached skill level 10 in Summonings
 44237 | Snake:4  | Reached skill level 10 in Necromancy
 44237 | Snake:4  | Reached skill level 10 in Translocations
 44237 | Snake:4  | Reached skill level 10 in Transmutations
 44237 | Snake:4  | Reached skill level 10 in Fire Magic
 44237 | Snake:4  | Reached skill level 10 in Ice Magic
 44237 | Snake:4  | Reached skill level 10 in Air Magic
 44237 | Snake:4  | Reached skill level 10 in Earth Magic
 44237 | Snake:4  | Reached skill level 10 in Poison Magic
 45066 | Snake:4  | Got a serpentine rune of Zot
 45480 | Swamp:1  | Entered Level 1 of the Swamp
 45485 | Swamp:1  | Reached XP level 18. HP: 140/140 MP: 34/34
 45633 | Swamp:1  | Learned a level 6 spell: Conjure Ball Lightning
 46463 | Slime:1  | Entered Level 1 of the Pits of Slime
 49129 | Swamp:2  | Reached XP level 19. HP: 147/147 MP: 31/35
 51063 | Swamp:3  | Noticed Kirke
 51067 | Swamp:3  | Killed Kirke
 51201 | Swamp:3  | Noticed Louise
 51226 | Swamp:3  | Killed Louise
 52531 | Swamp:3  | Got Kikubaaqudgha's Incunabulum of Reanimation Made Easy
 52585 | Swamp:4  | Entered Level 4 of the Swamp
 58323 | Swamp:4  | Got Codutraz's Guide on the Shifting Blaze
 58331 | Swamp:4  | Got a decaying rune of Zot
 58695 | D:11     | Noticed Grum
 58699 | D:11     | Killed Grum
 59424 | D:11     | Noticed Lodul
 59443 | D:11     | Killed Lodul
 60109 | D:11     | Noticed Fannar
 60121 | D:11     | Killed Fannar
 60962 | D:12     | You fall into a shaft and drop 3 floors!
 60962 | D:15     | Entered Level 15 of the Dungeon
 61073 | D:14     | Noticed Rupert
 61092 | D:14     | Killed Rupert
 61233 | D:14     | Gained mutation: Armour fits poorly on your strangely
                  | shaped body. [a shining eye]
 61857 | D:14     | Identified the ring of the Three Xalams {rF- rN+ Str+6
                  | Int+4 Dex+6}
 62001 | D:14     | Reached XP level 20. HP: 156/156 MP: 37/37
 62230 | D:14     | Upgraded the game from 0.29-a0-617-g7a6b98fccd to
                  | 0.29-a0-620-g13ace881f2
 62694 | D:14     | Learned a level 4 spell: Petrify
 62780 | D:14     | Found a gate to the Vaults.
 62785 | Vaults:1 | Entered Level 1 of the Vaults
 63810 | D:13     | Found a hide-covered altar of Uskayaw.
 64096 | D:12     | Reached skill level 15 in Hexes
 64724 | D:8      | Killed Joseph
 64858 | D:8      | Found Kathawei's Weapon Boutique.
 65539 | D:15     | Found a staircase to the Depths.
 66013 | D:15     | Found a blossoming altar of Fedhas.
 67145 | Depths:1 | Entered Level 1 of the Depths
 67145 | Depths:1 | Found a gateway to Hell.
 67426 | Depths:1 | Found Jucsy's Jewellery Boutique.
 67495 | Depths:1 | Found Gudegull's Antique Armour Shoppe.
 67503 | Depths:1 | Found Ysuentuo's Assorted Antiques.
 67517 | Depths:1 | Bought a scroll of enchant weapon for 187 gold pieces
 67517 | Depths:1 | Bought a scroll labelled PARPHU BUQAELI for 25 gold pieces
 67517 | Depths:1 | Acquired the +2 hat of the Bear Spirit {Spirit, *Rage
                  | Will++}
 67517 | Depths:1 | Found the +2 hat of the Bear Spirit {Spirit, *Rage Will++}
 67559 | Depths:1 | Found Zin's Purification Station.
 67559 | Depths:1 | Found a glowing silver altar of Zin.
 68201 | Depths:1 | Found a white marble altar of Elyvilon.
 68462 | Depths:1 | Paralysed by a vampire knight for 5 turns
 68545 | Depths:1 | Found a one-way gateway to a ziggurat.
 71284 | Orc:2    | Bought the -2 hat of the Alchemist {rElec rPois rF+ rC+ rN+
                  | Will+ rMut rCorr} for 660 gold pieces
 71284 | Orc:2    | Found the -2 hat of the Alchemist {rElec rPois rF+ rC+ rN+
                  | Will+ rMut rCorr}
 71563 | Depths:2 | Found Unyh Gavu's Weapon Emporium.
 71591 | Depths:2 | Reached XP level 21. HP: 165/165 MP: 39/39
 71612 | Depths:2 | Bought a throwing net for 63 gold pieces
 71873 | D:14     | Learned a level 3 spell: Mephitic Cloud
 71881 | D:14     | Learned a level 7 spell: Spellforged Servitor
 72525 | Depths:2 | Reached skill level 15 in Invocations
 73256 | Depths:2 | Noticed Vv
 73278 | Depths:2 | Killed from afar by Vv

Illustrated notes

Levels and vault maps discovered:
D:1:      dpeg_arrival_pits, layout_loops_ring, minivault_19
D:2:      minmay_general_purpose_star, layout_basic
D:3:      layout_loops_ring, uniq_natasha, uniq_terence
D:4:      layout_layer_cave, minmay_misc_feat_tiny
D:5:      layout_gridville, temple_doors_e, uniq_sigmund, uniq_eustachio
D:6:      layout_basic, uniq_grinder, uniq_crazy_yiuf_cottage
D:7:      layout_basic, mainiacjoe_overflow_paths, gammafunk_ghost_smash
D:8:      layout_cave_pools, serial_shops, kennysheep_mini_moat,
          corner_web_ring, uniq_joseph
D:9:      layout_gridville, zombieorc1_lemuel, minmay_misc_feat_diagonals,
          chequers_jeans
D:10:     layout_basic, minmay_lair_entry_grove, nicolae_trove_entry_isolated
D:11:     layout_rooms, uniq_lodul, uniq_grum, uniq_fannar
D:12:     layout_long_grid
D:13:     layout_cave_pools, nicolae_uskayaw_en_pointe
D:14:     minmay_complete_graph, layout_irregular_city, erik_vaults_1,
          uniq_rupert
D:15:     grunt_enter_depths_giant_problem, layout_small_grid, fedhas_altar_2,
          minmay_misc_feat_columns, evilmike_minifort
Temple:   mainiacjoe_temple_starburst
Lair:1:   layout_chaotic_city, gammafunk_ghost_split, st_stairs_6, uniq_sonja
Lair:2:   layout_regular_city, palyth_hydra_swamp_entry, gauntlet_entry_generic,
          nicolae_quartered_pool_medium, hangedman_tree_tricks, uniq_amaemon
Lair:3:   layout_gridlike, dummy_snake_entry, infiniplex_staircase_pool_2,
          lemuel_fruit_fields
Lair:4:   layout_cave_pods, uniq_nessos
Lair:5:   layout_loops_ring, minmay_slime_entry_pillars
Lair:6:   grunt_lair_end_beastmaster, layout_hall_layers,
          nicolae_lair_grove_arrangements, serial_bayou_shore_b,
          serial_bayou_shore_a, serial_bayou_shore_b, grunt_megastairs_4
Swamp:1:  layout_basic_swamp, serial_swamp_ruin, evilmike_swamp_ruin_house_2,
          evilmike_swamp_ruin_house_3, evilmike_swamp_ruin_wall, swamp_pool2
Swamp:2:  layout_falls_marsh, nicolae_swamp_bean_lake, swamp_pool3
Swamp:3:  layout_falls_marsh, infiniplex_staircase_pool,
          nicolae_swamp_necromancy_gone_wrong, uniq_louise, uniq_kirke
Swamp:4:  swamp, layout_basic_swamp, swamp_pool3
Snake:1:  layout_onion, basic_altar, statue_in_the_mist_lemuel,
          grunt_megastairs_3, uniq_aizul
Snake:2:  layout_onion, serial_shops, nicolae_shop_competitors_out_of_business,
          st_stairs_2, nicolae_snake_snakewalk, grunt_megastairs_5, uniq_nikola
Snake:3:  layout_misc_corridors
Snake:4:  johnstein_snake_rune_scales, layout_onion_interference,
          portal_ice_cave_entry_ice_statue_two, ebering_ghost_inner_flame,
          basic_altar, serial_bayou_pond_d
Slime:1:  layout_caves, basic_altar
Orc:1:    layout_caves, nicolae_volcano_entry_vermiform, serial_shops,
          nicolae_shop_bloodbath_and_beyond, nicolae_orc_bridge_out
Orc:2:    st_orc_open, layout_diamond_mine, elf_legates
Vaults:1: portal_desolation_entry_nicolae_forbidding_blocks,
          nicolae_vaults_meeting, ontoclasm_vaults_misaligned,
          hangedman_vaults_variations, vaults_room_door_ring,
          nicolae_vaults_circle_grid_a, hangedman_vaults_restitches,
          nicolae_vaults_circle_grid_b, nicolae_vaults_sealed_display,
          v_misc_22, v_misc_9, layout_vaults_omnibox
Depths:1: kennysheep_green_arena, layout_long_grid, enter_ziggurat_a,
          elyvilon_altar_5, hell_entry, serial_shops, nicolae_shop_trees,
          zin_purify, minmay_shoptagon, serial_bayou_shore_b,
          serial_bayou_shore_b
Depths:2: minmay_the_grid_square_5x5_4x4 [minmay_the_grid_square_5x5_tri_point,
          minmay_the_grid_square_5x5_v, minmay_the_grid_square_5x5_minivault,
          minmay_the_grid_square_5x5_gyroscope,
          minmay_the_grid_square_5x5_n_small,
          minmay_the_grid_square_5x5_prize_open,
          minmay_the_grid_square_5x5_prize_monsterx,
          minmay_the_grid_square_5x5_checkered_sparse,
          minmay_the_grid_square_5x5_fat_x,
          minmay_the_grid_square_5x5_prize_snowflake,
          minmay_the_grid_square_5x5_prize_rear_guard,
          minmay_the_grid_square_5x5_two_walls_b,
          minmay_the_grid_square_5x5_hollow_slash,
          minmay_the_grid_square_5x5_six, minmay_the_grid_square_5x5_z,
          minmay_the_grid_square_5x5_almost_minimal], layout_gridville,
          vehumet_crystals, grunt_pan_entry_sceptre, hell_entry,
          minmay_staircase_statues_hall_small, minmay_shop_star, uniq_josephina,
          uniq_vv

Skill      XL: |  1  2  3  4  5  6  7  8  9 10 11 12 13 14 15 16 17 18 19 20 21 |
---------------+----------------------------------------------------------------+-----
Invocations    | 1 2 3 4 5 6 7 8 9 10 11 12 13 14 15 | 15.0
Short Blades   | 1 2 3 4 5 6 7 8 9 10 11 12 13 | 13.8
Long Blades    | 1 2 3 4 5 6 7 8 9 10 11 12 13 | 13.8
Axes           | 1 2 3 4 5 6 7 8 9 10 11 12 13 | 13.8
Maces & Flails | 1 2 3 4 5 6 7 8 9 10 11 12 13 | 13.8
Polearms       | 1 2 3 4 5 6 7 8 9 10 11 12 13 | 13.8
Staves         | 1 2 3 4 5 6 7 8 9 10 11 12 13 | 13.8
Slings         | 1 2 3 4 5 6 7 8 9 10 11 12 13 | 13.8
Bows           | 1 2 3 4 5 6 7 8 9 10 11 12 13 | 13.8
Throwing       | 1 2 3 4 5 6 7 8 9 10 11 12 13 14 | 14.6
Armour         | 1 2 3 4 5 6 7 8 9 10 11 12 13 | 13.8
Stealth        | 1 2 3 4 5 6 7 8 9 10 11 12 13 | 13.8
Shields        | 1 2 3 4 5 6 7 8 9 10 11 12 13 | 13.8
Unarmed Combat | 1 2 3 4 5 6 7 8 9 10 11 12 13 | 13.8
Evocations     | 1 2 3 4 5 6 7 8 9 10 11 12 13 | 13.8
Spellcasting   | 3 4 5 6 7 8 9 10 11 12 13 14 | 14.1
Conjurations   | 1 2 3 4 5 6 7 8 9 10 11 12 | 12.4
Summonings     | 1 2 3 4 5 6 7 8 9 10 11 | 11.7
Necromancy     | 1 2 3 4 5 6 7 8 9 10 11 | 11.7
Translocations | 1 2 3 4 5 6 7 8 9 10 11 | 11.7
Transmutations | 1 2 3 4 5 6 7 8 9 10 11 | 11.7
Fire Magic     | 1 2 3 4 5 6 7 8 9 10 11 | 11.7
Ice Magic      | 1 2 3 4 5 6 7 8 9 10 11 | 11.7
Air Magic      | 1 2 3 4 5 6 7 8 9 10 11 | 11.7
Earth Magic    | 1 2 3 4 5 6 7 8 9 10 11 | 11.7
Poison Magic   | 1 2 3 4 5 6 7 8 9 10 11 | 11.7
Fighting       | 3 4 5 6 7 8 9 10 11 12 13 14 | 14.1
Crossbows      | 5 6 7 8 9 10 11 12 13 14 | 14.5
Dodging        | 5 6 7 8 9 10 11 12 13 14 | 14.5
Hexes          | 6 7 8 9 10 11 12 13 14 15 | 15.8

Action                   |  1- 3 |  4- 6 |  7- 9 | 10-12 | 13-15 | 16-18 | 19-21 || total
-------------------------+-------+-------+-------+-------+-------+-------+-------++-------
Melee: Mace              |    13 |       |       |       |       |       |       ||    13
       Dagger            |    44 |   108 |    70 |       |       |       |     1 ||   223
       Bite              |     6 |    16 |    30 |    31 |    65 |    64 |   110 ||   322
       Punch             |     1 |     1 |     4 |    20 |    32 |       |       ||    58
       Spear             |       |       |    39 |       |       |       |       ||    39
       Morningstar       |       |       |   112 |   236 |   485 |   361 |   535 ||  1729
       Hand crossbow     |       |       |     1 |       |       |       |       ||     1
       Rapier            |       |       |       |       |       |       |     3 ||     3
 Fire: Hand crossbow     |   100 |   172 |   144 |   115 |   171 |   165 |   402 ||  1269
Throw: Dart              |       |       |       |     2 |     8 |       |     1 ||    11
       Throwing net      |       |       |       |       |     1 |     4 |     3 ||     8
       Boomerang         |       |       |       |       |       |     1 |     1 ||     2
 Cast: Slow              |    45 |    37 |    25 |       |       |       |     1 ||   108
       Cause Fear        |       |     2 |     7 |    10 |    11 |     3 |    11 ||    44
       Inner Flame       |       |     3 |       |       |       |       |       ||     3
       Frozen Ramparts   |       |       |       |     6 |    44 |    40 |    15 ||   105
       Stone Arrow       |       |       |       |     1 |    26 |    47 |    46 ||   120
       Ignite Poison     |       |       |       |    30 |    32 |    12 |    49 ||   123
       Fireball          |       |       |       |       |    35 |    28 |    83 ||   146
       Conjure Flame     |       |       |       |       |     3 |     4 |     4 ||    11
       Flame Wave        |       |       |       |       |     1 |    24 |       ||    25
       Starburst         |       |       |       |       |       |     3 |     2 ||     5
       Conjure Ball Ligh |       |       |       |       |       |     2 |    13 ||    15
       Petrify           |       |       |       |       |       |       |     5 ||     5
       Spellforged Servi |       |       |       |       |       |       |     1 ||     1
Invok: Slouch            |       |       |       |       |     2 |     3 |     1 ||     6
       Step From Time    |       |       |       |       |       |       |     1 ||     1
Evoke: Wand              |       |       |       |     1 |     1 |     4 |     9 ||    15
       Phial of floods   |       |       |       |       |       |       |     3 ||     3
  Use: Scroll            |       |       |       |    11 |    27 |    11 |    13 ||    62
       Potion            |       |       |       |     3 |       |     2 |     7 ||    12
 Stab: Sleeping          |       |     1 |     2 |     2 |     8 |     4 |     6 ||    23
       Distracted        |       |       |       |       |     2 |       |       ||     2
       Held in net/web   |       |       |       |       |       |     2 |     2 ||     4
       Petrified         |       |       |       |       |       |       |     5 ||     5
       Petrifying        |       |       |       |       |       |       |     1 ||     1
Armor: Robe              |     5 |    35 |    56 |       |       |       |       ||    96
       Leather armour    |       |       |    60 |    69 |     1 |       |       ||   130
       Troll leather arm |       |       |       |       |   134 |    83 |   146 ||   363
Dodge: Dodged            |    50 |    89 |   441 |   315 |   630 |   299 |   437 ||  2261
Block: Other             |       |       |       |       |   113 |       |       ||   113
       Reflection        |       |       |       |       |    30 |   111 |    55 ||   196
       Kite shield       |       |       |       |       |   110 |   664 |   802 ||  1576

Table legend: (Time is in decaauts)
 A = Elapsed time spent in this place.
 B = Non-inter-level travel time spent in this place.
 C = Inter-level travel time spent in this place.
 D = Time resting spent in this place.
 E = Time spent auto-exploring this place.
 F = Levels seen in this place.
 G = Mean time per level.
                   A        B        C        D        E       F      G
               +--------+--------+--------+--------+--------+-----+--------+
         Total |  90359 |  85543 |   4816 |  40710 |  27785 |  37 | 2442.1 |
       Dungeon |  32864 |  30151 |   2713 |  11484 |  11908 |  15 | 2190.9 |
        Temple |    260 |    182 |     78 |      0 |    169 |   1 |  260.0 |
          Lair |  14377 |  13488 |    889 |   4156 |   7030 |   6 | 2396.2 |
         Swamp |  14676 |  14464 |    212 |  10176 |   2885 |   4 | 3669.0 |
     Snake Pit |  14015 |  13682 |    333 |   7376 |   3692 |   4 | 3503.8 |
    Slime Pits |      4 |      4 |      0 |      0 |      0 |   1 |    4.0 |
  Orcish Mines |   7158 |   6942 |    216 |   4062 |   1070 |   2 | 3579.0 |
        Vaults |     21 |     21 |      0 |      0 |      0 |   1 |   21.0 |
        Depths |   6822 |   6451 |    371 |   3454 |   1029 |   2 | 3411.0 |
         Trove |    159 |    159 |      0 |      0 |      0 |   1 |  159.0 |
               +--------+--------+--------+--------+--------+-----+--------+

Top non-repeatable levels by time:
   Orc:2: 5462 daAuts
 Swamp:4: 5311 daAuts
Depths:1: 5132 daAuts
     D:9: 4311 daAuts
 Snake:2: 4077 daAuts
 Snake:3: 3947 daAuts
 Swamp:3: 3730 daAuts
    D:14: 3456 daAuts
 Snake:4: 3207 daAuts
  Lair:6: 2961 daAuts
 Swamp:2: 2896 daAuts
 Snake:1: 2784 daAuts
 Swamp:1: 2737 daAuts
     D:4: 2674 daAuts
    D:15: 2639 daAuts
